 Dungeon Crawl Stone Soup version 0.29-a0-887-gcbe080d7e0 (webtiles) character file.

Game seed: 1473685768554167306

30032 Snarg the Skirmisher (level 13, 0/52 (56) HPs)
             Began as a Spriggan Arcane Marksman on July 20, 2022.
             Was the Champion of Nemelex Xobeh.
             Killed from afar by Josephine (17 damage)
             ... with a ghostly fireball
             ... on level 4 of the Lair of Beasts on July 21, 2022.
             The game lasted 02:00:46 (24064 turns).

Snarg the Skirmisher (Spriggan Arcane Marksman)    Turns: 24064, Time: 02:00:47

HP:   0/52 (56)     AC:  4    Str:  6    XL:     13   Next: 18%
MP:   20/20         EV: 31    Int: 15    God:    Nemelex Xobeh [******]
Gold: 863           SH:  0    Dex: 20    Spells: 7/20 levels left

rFire   . . .      SeeInvis +   b - +5 dagger of Vohifr Jept {pain, rC+}
rCold   + . .      Faith    .   (no shield)
rNeg    . . .      Spirit   .   x - +2 robe {Will+}
rPois   .          Reflect  .   (helmet restricted)
rElec   .          Harm     .   L - scarf {+Inv}
rCorr   .          Rampage  .   (gloves unavailable)
Will    +++..                   (boots unavailable)
Stlth   ++++......              (no amulet)
HPRegen 0.17/turn               o - +4 ring of evasion
MPRegen 0.17/turn               p - +4 ring of evasion

@: elixired, studying Unarmed Combat, drained, very quick
A: very small, no large weapons, unfitting armour, see invisible, speed 3
a: Renounce Religion, Evoke Invisibility, Draw Escape, Draw Destruction, Draw
Summoning, Triple Draw, Deal Four, Stack Five


You were on level 4 of the Lair of Beasts.
You worshipped Nemelex Xobeh.
Nemelex Xobeh was exalted by your worship.
You visited 3 branches of the dungeon, and saw 16 of its levels.

You collected 1163 gold pieces.
You spent 300 gold pieces at shops.

Inventory:

Hand Weapons
 a - a +2 shortbow of freezing
 b - the +5 dagger of Vohifr Jept (weapon) {pain, rC+}
   (You found it on level 6 of the Dungeon)

   In the hands of one skilled in necromantic magic, it inflicts extra damage on
   living creatures.
   rC:        It protects you from cold.
 d - a +1 dagger of draining
 v - a +2 dagger of venom
 C - the +2 dagger "Globulus" {protect, rF+}
   (You found it on level 4 of the Dungeon)

   It grants its wielder temporary protection when it strikes (+7 to AC).
   rF:        It protects you from fire.
 K - a +1 dagger of flaming
 M - a +4 dagger
 P - a +1 antimagic rapier
Missiles
 l - 32 poisoned darts
 H - 4 datura-tipped darts
Armour
 x - a +2 robe of willpower (worn)
 L - a scarf of invisibility (worn)
Jewellery
 o - a +4 ring of evasion (left hand)
 p - a +4 ring of evasion (right hand)
 G - an amulet of faith
Wands
 c - a wand of mindburst (5)
 k - a wand of polymorph (18)
 A - a wand of acid (14)
 F - a wand of roots (12)
 O - a wand of paralysis (7)
Scrolls
 e - 5 scrolls of vulnerability
 f - a scroll of torment
 g - a scroll of summoning
 s - a scroll of poison
 t - 9 scrolls of teleportation
 w - a scroll of silence
 y - 2 scrolls of identify
 B - 3 scrolls of butterflies
 N - 3 scrolls of blinking
 R - a scroll of magic mapping
Potions
 h - 5 potions of attraction
 i - a potion of mutation
 j - a potion of invisibility
 m - 6 potions of curing
 n - 2 potions of lignification
 q - a potion of resistance {unknown}
 r - 3 potions of cancellation
 u - 3 potions of might
 z - a potion of berserk rage
 D - 6 potions of haste
 E - a potion of brilliance
 I - a potion of heal wounds
 J - 2 potions of flight
 Q - a potion of ambrosia
Miscellaneous
 T - a box of beasts


   Skills:
 - Level 1.0 Fighting
 + Level 6.8 Short Blades
 + Level 14.7 Ranged Weapons
 + Level 7.9 Dodging
 + Level 7.4 Stealth
 - Level 4.0 Spellcasting
 + Level 12.7 Hexes
 - Level 6.0 Translocations
 - Level 2.0 Fire Magic
 * Level 7.8 Invocations
 * Level 2.3 Evocations


You had 7 spell levels left.
You knew the following spells:

 Your Spells              Type           Power      Damage    Failure   Level
a - Slow                  Hex            100%       N/A       1%          1
b - Inner Flame           Hex/Fire       25%        N/A       2%          3
c - Portal Projectile     Hex/Tloc       62%        N/A       1%          3
d - Blink                 Tloc           42%        N/A       2%          2
e - Cause Fear            Hex            20%        N/A       1%          4

Your spell library contained the following spells:

 Spells                   Type           Power      Damage    Failure   Level
 Gell's Gravitas          Tloc           21%        N/A       4%          3
 Lesser Beckoning         Tloc           21%        N/A       4%          3
 Teleport Other           Tloc           21%        N/A       4%          3
 Fulminant Prism          Conj/Hex       11%        3d9       13%         4
 Magic Dart               Conj           12%        1d3       19%         1
 Searing Ray              Conj           6%         2d4       26%         2
 Ignite Poison            Fire/Tmut/Pois 4%         N/A       38%         3
 Manifold Assault         Tloc           21%        N/A       38%         5
 Iskenderun's Mystic Bla  Conj/Tloc      12%        2d5       45%         4
 Mephitic Cloud           Conj/Pois/Air  3%         N/A       47%         3
 Alistair's Intoxication  Tmut/Pois      2%         N/A       99%         5
 Borgnjor's Vile Clutch   Necr/Erth      1%         N/A       99%         5
 Freezing Cloud           Conj/Ice/Air   1%         6-21      99%         5
 Lee's Rapid Deconstruct  Erth           1%         3d5*      99%         5
 Eringya's Noxious Bog    Tmut/Pois      1%         N/A       100%        6
 Malign Gateway           Summ/Tloc      6%         N/A       100%        7
 Summon Horrible Things   Summ           1%         N/A       100%        8


Dungeon Overview and Level Annotations

Branches:
Dungeon (11/15)            Temple (1/1) D:4            Lair (4/5) D:11
  Swamp (0/4) Lair:2        Snake (0/4) Lair:3          Orc (0/2) D:9
  Slime: Lair:4-5

Altars:
Ashenzari
Cheibriados
Dithmenos
Elyvilon
Fedhas
Gozag
Hepliaklqana
Kikubaaqudgha
Makhleb
Nemelex Xobeh
Okawaru
Qazlal
Ru
Sif Muna
Trog
Uskayaw
Vehumet
Wu Jian
Xom
Yredelemnul
Zin
The Shining One

Shops:
D:9 (   D:11 ?

Annotations:
D:1 clr
D:2 cl
D:3 clr
D:4 clrclr
D:5 clr
D:6 clr
D:7 clr
D:8 clr
D:9 clr
D:10 clr
D:12 clr
Lair:1 clr
Lair:2 clr
Lair:3 clr
Lair:4 exclusion: 2 hogs, Josephine


Innate Abilities, Weirdness & Mutations

You are very small and have problems with some larger weapons.
You are too small for most types of armour.
You have supernaturally acute eyesight. (SInv)
You cover ground extremely quickly. (Speed+++)


Message History

Josephine is heavily wounded.
You shoot an arrow. The arrow hits Josephine!
The arrow freezes Josephine.
Josephine is severely wounded.
Josephine looks more healthy.
Your +2 shortbow of freezing stops glowing.
You have a feeling of ineptitude.
b - the +5 dagger of Vohifr Jept (weapon)
{pain, rC+} You closely miss Josephine.
Josephine is severely wounded.
Josephine closely misses you.
You hit Josephine.
Josephine is severely wounded.
Josephine gestures at you while chanting.
The ghostly flame explodes!
The ghostly fireball engulfs you!!
You feel drained.
The ghostly fireball engulfs Josephine.
Josephine completely resists.
You closely miss Josephine.
Josephine is severely wounded.
You hit Josephine.
Josephine is severely wounded.
Josephine barely misses you.
You hit Josephine but do no damage.
Josephine is severely wounded.
Josephine hits you with a +0 dagger of venom.
You puncture Josephine!
Josephine is almost dead.
You hit Josephine.
Josephine is almost dead.
Josephine is no longer covered in acid.
Josephine completely misses you.
You hit Josephine. Your punch misses Josephine.
Josephine is almost dead.
Josephine draws life force from you!!
* * * LOW HITPOINT WARNING * * *
Josephine is healed by the life force!
You draw a card...
You have drawn the Elixir.
You begin rapidly regenerating health and magic.
Josephine points at you and mumbles some strange words.
The ghostly flame explodes!
The ghostly fireball engulfs you!
You feel drained.
You die...
Your body glows slightly and disappears.

### #
#######@#.##.##
#.......@......
#.....##P.#....
##..#######.....
#..####.## .....
#..#.#...# ....
##.......# ...
#.P...... ...
##..#..##. ..


You could see Josephine.

Vanquished Creatures
  Nessos (Lair:4)
  A boulder beetle (D:11)
  A hydra (Lair:1)
  2 two-headed ogres
  Urug (Lair:3)
  Pikel (D:8)
  A manticore (D:11)
  7 black mambas
  Maurice (D:8)
  2 gargoyles
  4 rime drakes
  4 cane toads
  Psyche (D:8)
  5 komodo dragons
  A hornet (D:11)
  A polar bear (Lair:1)
  Prince Ribbit (D:8)
  A slime creature (D:8)
  11 blink frogs
  A raiju (D:9)
  Sigmund (D:4)
  3 shadows
  36 yaks
  5 wraiths
  3 wyverns
  2 vampires (D:10)
  4 basilisks
  2 humans (D:9)
  A two-headed ogre zombie (D:9)
  Menkaure (D:6)
  3 nagas (Lair:3)
  2 wargs (D:11)
  6 water moccasins
  An acid dragon (D:11)
  3 orc warriors
  2 sky beasts (D:7)
  4 black bears
  2 ice beasts
  5 wolves (Lair:1)
  An ogre (D:3)
  10 centaurs
  2 lemures (D:8)
  4 kobold brigands
  10 bullfrogs
  A necrophage (D:8)
  2 scorpions
  6 wights
  11 killer bees
  2 troll zombies (D:9)
  5 howler monkeys
  7 hounds
  2 jellies
  8 orc priests
  2 iguanas
  19 orc wizards
  3 ogre zombies (D:9)
  7 adders
  2 white imps (D:5)
  2 ufetubi
  2 worms (D:4)
  3 dart slugs
  44 orcs
  A bat (D:2)
  7 endoplasms
  A giant cockroach (D:3)
  4 goblins
  6 hobgoblins
  5 jackals
  21 kobolds
  12 quokkas
  5 ball pythons
  8 frilled lizards
  2 goblin skeletons (D:9)
  2 goblin zombies (D:9)
  3 hobgoblin zombies (D:9)
  2 orc skeletons (D:9)
  12 orc zombies (D:9)
  5 rats
385 creatures vanquished.

Vanquished Creatures (collateral kills)
  Grinder (D:5)
  A water moccasin (D:6)
  2 orc priests (D:6)
  An orc wizard (D:6)
  An ogre zombie (D:9)
  4 orcs (D:6)
  A goblin zombie (D:9)
  2 orc zombies (D:9)
13 creatures vanquished.

Vanquished Creatures (others)
  2 orcs (D:8)
  An orc zombie (D:9)
  18 fungi
  18 plants
39 creatures vanquished.

Grand Total: 437 creatures vanquished

Notes
Turn   | Place    | Note
-------+----------+-------------------------------------------
     0 | D:1      | Snarg the Spriggan Arcane Marksman began the quest for the
                  | Orb.
     0 | D:1      | Reached XP level 1. HP: 9/9 MP: 3/3
   227 | D:1      | Found a faded altar of an unknown god.
   235 | D:1      | Prayed at the altar of an unknown god.
   235 | D:1      | Became a worshipper of Nemelex Xobeh the Trickster
   235 | D:1      | Reached * piety under Nemelex Xobeh
   276 | D:1      | Reached XP level 2. HP: 14/14 MP: 3/5
   575 | D:1      | Reached skill level 1 in Fighting
   927 | D:2      | Received a gift from Nemelex Xobeh
   950 | D:2      | Reached skill level 3 in Ranged Weapons
   950 | D:2      | Reached skill level 1 in Stealth
   950 | D:2      | Reached XP level 3. HP: 9/18 MP: 6/6
  1822 | D:2      | Reached XP level 4. HP: 22/22 MP: 5/7
  1892 | D:2      | You fall into a shaft and drop 1 floor!
  1957 | D:3      | Found the +7 Kryia's mail coat {PotionHeal*2 rC+}
  1963 | D:3      | Reached ** piety under Nemelex Xobeh
  1965 | D:3      | Found a glowing golden altar of the Shining One.
  1980 | D:3      | Noticed a scorpion
  2664 | D:2      | Killed a scorpion
  2665 | D:2      | Reached skill level 4 in Ranged Weapons
  2665 | D:2      | Reached XP level 5. HP: 25/25 MP: 6/8
  3010 | D:3      | Reached skill level 1 in Short Blades
  3127 | D:3      | Found an opulent altar of Gozag.
  3368 | D:3      | Noticed an ogre
  3394 | D:3      | Killed an ogre
  3395 | D:3      | Reached skill level 1 in Invocations
  3395 | D:3      | Reached XP level 6. HP: 30/30 MP: 6/9
  3399 | D:3      | Learned a level 3 spell: Inner Flame
  3403 | D:3      | Learned a level 3 spell: Portal Projectile
  3694 | D:4      | Found a staircase to the Ecumenical Temple.
  3735 | D:4      | Identified the +2 dagger "Globulus" {protect, rF+}
  3776 | D:4      | Noticed Sigmund
  4319 | D:4      | Reached skill level 5 in Ranged Weapons
  4582 | D:4      | Received a gift from Nemelex Xobeh
  4988 | Temple   | Entered the Ecumenical Temple
  5224 | D:5      | Entered Level 5 of the Dungeon
  5224 | D:5      | Noticed Grinder
  5256 | D:5      | Reached skill level 5 in Hexes
  5411 | D:5      | Reached *** piety under Nemelex Xobeh
  5715 | D:5      | Received a gift from Nemelex Xobeh
  5722 | D:5      | Found an ancient bone altar of Kikubaaqudgha.
  5727 | D:5      | Found a glowing silver altar of Zin.
  5727 | D:5      | Found a basalt altar of Yredelemnul.
  6262 | D:5      | Reached XP level 7. HP: 33/33 MP: 10/10
  6695 | D:5      | Killed Grinder
  6696 | D:5      | Reached skill level 6 in Ranged Weapons
  6696 | D:5      | Reached skill level 1 in Fire Magic
  6943 | D:4      | Killed Sigmund
  7141 | D:5      | Reached XP level 8. HP: 37/37 MP: 12/12
  7144 | D:5      | Learned a level 2 spell: Blink
  7266 | D:6      | Received a gift from Nemelex Xobeh
  7297 | D:6      | Identified the +5 dagger of Vohifr Jept {pain, rC+}
  7620 | D:6      | Reached skill level 7 in Ranged Weapons
  7894 | D:6      | Noticed Menkaure
  7910 | D:6      | Killed Menkaure
  9060 | D:7      | Reached XP level 9. HP: 24/41 MP: 15/15
  9230 | D:7      | Received a gift from Nemelex Xobeh
  9432 | D:7      | Reached **** piety under Nemelex Xobeh
  9882 | D:7      | Reached skill level 5 in Translocations
 10220 | D:8      | Reached skill level 8 in Ranged Weapons
 10271 | D:8      | Reached skill level 5 in Dodging
 10351 | D:8      | Received a gift from Nemelex Xobeh
 10729 | D:8      | Noticed Prince Ribbit
 10734 | D:8      | Killed Prince Ribbit
 10789 | D:8      | Learned a level 4 spell: Cause Fear
 10878 | D:8      | Reached skill level 9 in Ranged Weapons
 10903 | D:8      | Reached XP level 10. HP: 43/45 MP: 13/17
 11161 | D:8      | Noticed Psyche
 11183 | D:8      | Killed Psyche
 11405 | D:8      | Noticed a two-headed ogre
 11405 | D:8      | Noticed Maurice
 11443 | D:8      | Killed a two-headed ogre
 11482 | D:8      | Killed Maurice
 11483 | D:8      | Reached skill level 5 in Invocations
 11949 | D:8      | Reached skill level 10 in Ranged Weapons
 12156 | D:8      | Noticed Pikel
 12513 | D:8      | Killed Pikel
 12514 | D:8      | Reached skill level 5 in Short Blades
 12697 | D:9      | Received a gift from Nemelex Xobeh
 12885 | D:9      | Reached skill level 10 in Hexes
 13210 | D:9      | Reached XP level 11. HP: 49/49 MP: 18/18
 13361 | D:9      | Found a staircase to the Orcish Mines.
 13527 | D:9      | Reached skill level 11 in Ranged Weapons
 14015 | D:9      | Received a gift from Nemelex Xobeh
 14079 | D:9      | Found an iron altar of Okawaru.
 14169 | D:9      | Noticed a two-headed ogre
 14191 | D:9      | Killed a two-headed ogre
 14295 | D:9      | Found Emuore Agai's Antique Weapon Emporium.
 14303 | D:9      | Bought a glowing rapier for 210 gold pieces
 14325 | D:10     | Entered Level 10 of the Dungeon
 14522 | D:10     | Reached ***** piety under Nemelex Xobeh
 15174 | D:10     | Found a hide-covered altar of Uskayaw.
 15178 | D:10     | Found a hazy altar of Hepliaklqana.
 15181 | D:10     | Found a stormy altar of Qazlal.
 15364 | D:11     | Noticed Erolcha
 16285 | D:11     | Received a gift from Nemelex Xobeh
 16310 | D:11     | Noticed Erolcha
 16310 | D:11     | Erolcha changed into Erolcha the hornet
 16320 | D:11     | Killed Erolcha the hornet
 16321 | D:11     | Reached skill level 12 in Ranged Weapons
 16740 | D:11     | Upgraded the game from 0.29-a0-885-gb26ba3297d to
                  | 0.29-a0-887-gcbe080d7e0
 16746 | D:11     | Found a sacrificial altar of Ru.
 16834 | D:11     | Found Xuepneex's Magic Scroll Emporium.
 17130 | D:11     | Bought a scroll of magic mapping for 90 gold pieces
 17443 | D:11     | Received a gift from Nemelex Xobeh
 17448 | D:11     | Found a staircase to the Lair.
 17464 | D:11     | Noticed a boulder beetle
 17677 | D:11     | Killed a boulder beetle
 17809 | Lair:1   | Entered Level 1 of the Lair of Beasts
 18378 | Lair:1   | Reached XP level 12. HP: 35/53 MP: 14/19
 18516 | Lair:1   | Reached skill level 5 in Stealth
 18523 | Lair:1   | Received a gift from Nemelex Xobeh
 18612 | Lair:1   | Noticed a seven-headed hydra
 18634 | Lair:1   | Killed a seven-headed hydra
 18635 | Lair:1   | Reached skill level 13 in Ranged Weapons
 19525 | Lair:2   | Received a gift from Nemelex Xobeh
 21036 | Lair:2   | Found a staircase to the Swamp.
 21167 | Lair:2   | Reached skill level 14 in Ranged Weapons
 21690 | Lair:3   | Received a gift from Nemelex Xobeh
 22097 | Lair:3   | Reached ****** piety under Nemelex Xobeh
 22238 | Lair:3   | Noticed Urug
 22253 | Lair:3   | Killed Urug
 22254 | Lair:3   | Reached XP level 13. HP: 29/56 MP: 16/20
 22569 | Lair:3   | Found a staircase to the Snake Pit.
 22706 | Lair:3   | Received a gift from Nemelex Xobeh
 23844 | Lair:4   | Received a gift from Nemelex Xobeh
 23863 | Lair:4   | Reached skill level 1 in Evocations
 23919 | Lair:4   | Noticed Nessos
 23959 | Lair:4   | Killed Nessos
 24049 | Lair:4   | Noticed Josephine
 24064 | Lair:4   | Killed from afar by Josephine

Illustrated notes

Levels and vault maps discovered:
D:1:      dpeg_arrival_connections, layout_basic,
          shapermc_ecumenical_altar_mp_ritualfount
D:2:      layout_basic, kennysheep_generic_room_8
D:3:      layout_basic, grunt_gozag_statues, tso_metal_star
D:4:      layout_rooms, temple_pool_b, minmay_misc_feat_x, bh_walls_and_bars,
          uniq_sigmund
D:5:      layout_basic, grunt_temple_overflow_open, uniq_grinder
D:6:      layout_gridville, minmay_manual_monstrance, uniq_menkaure
D:7:      layout_basic
D:8:      minmay_opposing_rooms, layout_basic, uniq_psyche, uniq_prince_ribbit1,
          uniq_maurice, uniq_pikel
D:9:      layout_basic, okawaru_humans, zombieorc2_lemuel, serial_shops, shop
D:10:     layout_basic, grunt_temple_overflow_diamond
D:11:     layout_roguey, erik_lair_orcish_takeover, serial_shops, shop_coins,
          nicolae_ru_great_annihilating_truth, uniq_erolcha
Temple:   nicolae_temple_bog_church
Lair:1:   layout_regular_city, nzn_random_ring
Lair:2:   layout_layer_cave, swamp_mist
Lair:3:   layout_layer_cave, minmay_snake_entry_guardpost_small,
          chequers_serial_rivers_micro_d, chequers_serial_rivers_marsh,
          grunt_megastairs_4, uniq_urug
Lair:4:   layout_regular_city, uniq_josephine, uniq_nessos, uniq_kirke

Skill      XL: |  1  2  3  4  5  6  7  8  9 10 11 12 13 |
---------------+----------------------------------------+-----
Hexes          | 4 5 6 8 10 11 12 | 12.7
Fighting       | 1 |  1.0
Ranged Weapons | 3 4 5 6 7 9 10 12 14 | 14.7
Stealth        | 1 2 3 4 7 |  7.4
Dodging        | 3 4 5 6 7 |  7.9
Short Blades   | 1 2 4 5 6 |  6.8
Invocations    | 1 2 3 4 5 6 7 |  7.8
Spellcasting   | 2 3 4 |  4.0
Translocations | 3 4 5 6 |  6.0
Fire Magic     | 1 2 |  2.0
Evocations     | 2 |  2.3

Action                   |  1- 3 |  4- 6 |  7- 9 | 10-12 | 13-15 || total
-------------------------+-------+-------+-------+-------+-------++-------
Melee: Dagger            |    19 |   126 |   288 |   465 |    38 ||   936
       Punch             |       |       |     6 |     8 |     1 ||    15
 Fire: Sling             |    78 |   186 |   185 |   345 |       ||   794
       Shortbow          |       |       |       |   387 |    87 ||   474
Throw: Dart              |       |     6 |    10 |     7 |       ||    23
       Stone             |       |     1 |       |       |       ||     1
       Throwing net      |       |       |     1 |     1 |       ||     2
 Cast: Slow              |    22 |    41 |    70 |   121 |     8 ||   262
       Portal Projectile |       |       |     3 |    20 |     1 ||    24
       Blink             |       |       |     1 |     7 |     5 ||    13
       Inner Flame       |       |       |     8 |    38 |       ||    46
       Cause Fear        |       |       |       |     5 |     1 ||     6
Invok: Draw Destruction  |       |       |     9 |    32 |     9 ||    50
       Draw Escape       |       |       |     4 |     4 |     1 ||     9
       Draw Summoning    |       |       |     4 |     1 |       ||     5
Evoke: Wand              |       |       |     1 |       |       ||     1
  Use: Scroll            |       |     6 |     9 |     9 |       ||    24
       Potion            |       |       |       |     1 |     1 ||     2
 Stab: Sleeping          |       |     5 |     3 |     1 |     1 ||    10
       Paralysed         |       |       |       |     1 |       ||     1
       Distracted        |       |       |       |     1 |       ||     1
Armor: Robe              |     3 |     9 |    25 |     9 |     2 ||    48
Dodge: Dodged            |    24 |    88 |   225 |   409 |    38 ||   784

Table legend: (Time is in decaauts)
 A = Elapsed time spent in this place.
 B = Non-inter-level travel time spent in this place.
 C = Inter-level travel time spent in this place.
 D = Time resting spent in this place.
 E = Time spent auto-exploring this place.
 F = Levels seen in this place.
 G = Mean time per level.
                   A        B        C        D        E       F      G
               +--------+--------+--------+--------+--------+-----+--------+
         Total |  18702 |  17875 |    827 |   5471 |   7851 |  16 | 1168.9 |
       Dungeon |  13827 |  13249 |    578 |   3998 |   5915 |  11 | 1257.0 |
        Temple |    137 |    124 |     13 |      0 |    114 |   1 |  137.0 |
          Lair |   4737 |   4502 |    235 |   1472 |   1821 |   4 | 1184.2 |
               +--------+--------+--------+--------+--------+-----+--------+

Top non-repeatable levels by time:
     D:8: 2023 daAuts
    D:10: 1872 daAuts
  Lair:1: 1861 daAuts
     D:6: 1525 daAuts
  Lair:3: 1381 daAuts
  Lair:2: 1312 daAuts
     D:2: 1312 daAuts
     D:5: 1238 daAuts
     D:9: 1177 daAuts
     D:4: 1132 daAuts
     D:7: 1032 daAuts
     D:3: 955 daAuts
    D:11: 932 daAuts
     D:1: 624 daAuts
  Lair:4: 181 daAuts
